 Dungeon Crawl Stone Soup version 0.19-a0-82-gd3566c2 (webtiles) character file.

2994 wvc the Basher (level 9, -3/78 HPs)
             Began as a Deep Dwarf Fighter on May 14, 2016.
             Was a Follower of Makhleb.
             Killed from afar by Erolcha (15 damage)
             ... with an orb of energy
             ... on level 9 of the Dungeon.
             The game lasted 00:14:12 (7137 turns).

wvc the Basher (Deep Dwarf Fighter)                 Turns: 7137, Time: 00:14:12

Health: -3/78      AC: 10    Str: 24    XL:     9   Next: 54%
Magic:  9/9        EV: 11    Int:  8    God:    Makhleb [*.....]
Gold:   343        SH: 10    Dex: 15    Spells: 0 memorised, 8 levels left

rFire  . . .     SeeInvis .     G - +7 long sword "Coeliun" {freeze, +Blink Str+3}
rCold  . . .     Gourm    .     l - +0 ring mail
rNeg   . . .     Faith    .     c - +0 shield
rPois  +         Spirit   .     (no helmet)
rElec  .         Dismiss  .     r - +0 cloak
rCorr  .         Reflect  .     p - +2 pair of gloves
SustAt .         Harm     .     (no boots)
MR     ++...     Clarity  +     (no amulet)
Stlth  +.........               (no ring)
                                u - ring of protection from magic

@: non-regenerating, very resistant to hostile enchantments, very unstealthy
A: damage resistance, recharge devices, clarity, sense surroundings 2, poison
resistance, slow regeneration 3
a: Device Recharging, Renounce Religion, Evoke Blink


You were on level 9 of the Dungeon.
You worshipped Makhleb.
Makhleb was aware of your devotion.
You were not hungry.

You visited 2 branches of the dungeon, and saw 10 of its levels.
You also visited: Ossuary.

You collected 343 gold pieces.

Inventory:

Hand Weapons
 v - a +0 flail of protection
 D - a cursed -1 morningstar
 G - the +7 long sword "Coeliun" (weapon) {freeze, +Blink Str+3}
   (You found it on level 8 of the Dungeon)

   It has been specially enchanted to freeze those struck by it, causing extra
   injury to most foes and up to half again as much damage against particularly
   susceptible opponents.
   It can also slow down cold-blooded creatures.
   It affects your strength (+3).
   It lets you blink.
Missiles
 F - 16 poisoned needles
Armour
 c - a +0 shield (worn)
 l - a +0 ring mail (worn)
 p - a +2 pair of gloves (worn)
 r - a +0 cloak (worn)
Jewellery
 m - an uncursed ring of fire
 u - a ring of protection from magic (left hand)
Wands
 e - a wand of heal wounds (0/9)
 y - a wand of random effects (6/48)
 I - a wand of teleportation (5/9)
Scrolls
 a - a scroll of fog
 b - 2 scrolls of enchant weapon
 g - a scroll of magic mapping
 i - 4 scrolls of amnesia
 k - 7 scrolls of remove curse
 s - 2 scrolls of teleportation
 t - 2 scrolls of blinking
 x - 3 scrolls of immolation
Potions
 d - 2 potions of might
 h - 2 potions of flight
 j - a potion of berserk rage
 n - a potion of haste
 o - a potion of cure mutation {unknown}
 q - a potion of cancellation {unknown}
 z - 3 potions of agility
 A - 6 potions of curing
 B - a potion of brilliance
 C - a potion of mutation {unknown}
 E - a potion of lignification {unknown}
Comestibles
 f - 6 bread rations
 w - 4 meat rations
 H - a royal jelly


   Skills:
 + Level 4.1 Fighting
 - Level 11.0 Maces & Flails
 + Level 5.2 Armour
 + Level 4.5 Dodging
 + Level 5.2 Shields


You had 8 spell levels left.
You didn't know any spells.

Dungeon Overview and Level Annotations

Branches:
Dungeon (9/15)             Temple (1/1) D:6            Lair (0/8) D:8
    Orc (0/2) D:9

Altars:
Ashenzari
Cheibriados
Makhleb
Pakellas
Qazlal
Ru
Trog
Xom
Yredelemnul
The Shining One

Annotations:
D:9 Erolcha


Innate Abilities, Weirdness & Mutations

You are resistant to damage.
You can recharge devices by infusing magical energy.
You passively map the area around you.
You do not regenerate naturally.
You possess an exceptional clarity of mind.
Your system is resistant to poisons.


Message History

You hear some strange, mumbled words.
A bolt of poison appears from out of thin air!
The bolt of poison misses you.
Evoke which item? (* to show all) (? for menu, Esc to quit)
Zapping:
e - a wand of heal wounds (1/9)
Press: ? - help, Shift-Dir - straight line, f - you You feel much better.
This wand has 0 charges left.
You hear some strange, mumbled words.
A bolt of poison appears from out of thin air!
The bolt of poison hits you! You resist.
You hit something. You freeze something. Something hits you!
You miss something. Something hits you!
* * * LOW HITPOINT WARNING * * *
Something hits you!
* * * LOW HITPOINT WARNING * * *
You slash something! You freeze something.
You hear some strange, mumbled words.
An orb of energy appears from out of thin air!
The orb of energy hits you!
You die...

*, , , , ,
,
..........
,
*#........,
,, ,
#.......# *
* * ,,
,#....... ,
, , ,
,,#......
,, *
#.....,, ,
, , , ,,
#..^{# , ,,
, , , ,,
+...@# , ,
, ,, #....#
,, , ,
#....# ,, ,
** * , , ,,
#...<# , ,
, , ,
##...# ,, ,
, , , ,
#...#, ,* ,
,#...#,,, ,
,, ,,, ,,
,,#...# , ,
, ,, ,
+...# ,, *
, ,


There were no monsters in sight!

Vanquished Creatures
  A komodo dragon (D:8)
  A hippogriff (D:8)
  Duvessa (D:5)
  2 sky beasts
  3 ogres (D:6)
  A centaur (D:5)
  8 giant frogs
  Dowan (D:5)
  2 scorpions
  2 crimson imps
  5 centaur zombies
  A jelly (D:5)
  Crazy Yiuf (D:7)
  3 orc priests
  5 hounds
  6 worker ants
  4 iguanas
  4 orc wizards
  A big kobold zombie (Ossuary)
  A hound zombie (D:8)
  2 hound skeletons (D:5)
  4 mummies (Ossuary)
  8 gnolls
  9 adders
  2 shadow imps
  4 oozes
  3 worms
  A dart slug (D:1)
  2 giant geckos (D:4)
  22 orcs
  A ball python (D:8)
  4 giant cockroaches
  2 goblins (D:3)
  8 hobgoblins
  17 jackals
  2 quokkas
  10 bats
  4 giant newts
  A goblin zombie (Ossuary)
  10 kobolds
  A kobold zombie (Ossuary)
  An orc zombie (Ossuary)
  10 rats
181 creatures vanquished.

Vanquished Creatures (others)
  A plant (D:8)
1 creature vanquished.

Grand Total: 182 creatures vanquished

Notes
Turn   | Place    | Note
--------------------------------------------------------------
     0 | D:1      | wvc the Deep Dwarf Fighter began the quest for the Orb.
     0 | D:1      | Reached XP level 1. HP: 20/20 MP: 1/1
   193 | D:1      | Reached XP level 2. HP: 25/27 MP: 2/2
   324 | D:1      | Reached skill level 3 in Maces & Flails
   497 | D:1      | Reached XP level 3. HP: 28/33 MP: 3/3
   824 | D:2      | Reached skill level 4 in Maces & Flails
   830 | D:2      | Reached XP level 4. HP: 39/40 MP: 4/4
  1514 | D:2      | Found a bloodstained altar of Trog.
  1514 | D:2      | Found a snail-covered altar of Cheibriados.
  1749 | D:3      | Reached skill level 5 in Maces & Flails
  1877 | D:3      | Reached XP level 5. HP: 32/46 MP: 5/5
  2045 | D:3      | Gained mutation: You possess an exceptional clarity of mind. [potion of beneficial mutation]
  2046 | D:3      | Gained mutation: Your system is resistant to poisons. [potion of beneficial mutation]
  2539 | D:4      | Reached skill level 6 in Maces & Flails
  2798 | D:4      | Reached XP level 6. HP: 28/55 MP: 6/6
  3403 | D:5      | Entered Level 5 of the Dungeon
  3403 | D:5      | Noticed a sky beast
  3422 | D:5      | Killed a sky beast
  3422 | D:5      | Reached skill level 7 in Maces & Flails
  3479 | D:5      | Noticed Duvessa
  3501 | D:5      | Killed Duvessa
  3502 | D:5      | Noticed Dowan
  3522 | D:5      | Killed Dowan
  3522 | D:5      | Reached XP level 7. HP: 35/61 MP: 7/7
  3530 | D:5      | Found a glowing golden altar of the Shining One.
  3639 | D:5      | Reached skill level 8 in Maces & Flails
  3658 | D:5      | Found a sand-covered staircase.
  3667 | Ossuary  | Entered an ossuary
  3903 | D:5      | Reached skill level 9 in Maces & Flails
  4119 | D:5      | Reached XP level 8. HP: 32/68 MP: 8/8
  4431 | D:5      | Reached skill level 10 in Maces & Flails
  4761 | D:6      | Found a shattered altar of Ashenzari.
  4783 | D:6      | Reached skill level 1 in Dodging
  5098 | D:6      | Found a staircase to the Ecumenical Temple.
  5179 | Temple   | Entered the Ecumenical Temple
  5200 | Temple   | Became a worshipper of Makhleb the Destroyer
  6130 | D:7      | Gained mutation: You passively map the area around you. [Deep Dwarf growth]
  6130 | D:7      | Reached XP level 9. HP: 48/76 MP: 9/9
  6223 | D:7      | Reached * piety under Makhleb
  6330 | D:7      | Found a sacrificial altar of Ru.
  6446 | D:7      | Noticed Crazy Yiuf
  6518 | D:7      | Killed Crazy Yiuf
  6672 | D:8      | Reached skill level 5 in Armour
  6711 | D:8      | Reached skill level 5 in Shields
  6760 | D:8      | Found a staircase to the Lair.
  6812 | D:8      | Noticed a komodo dragon
  6834 | D:8      | Killed a komodo dragon
  6912 | D:8      | Got a twisted long sword
  7103 | D:8      | Reached skill level 11 in Maces & Flails
  7105 | D:8      | Identified the +7 long sword "Coeliun" {freeze, +Blink Str+3} (You found it on level 8 of the Dungeon)
  7123 | D:9      | Noticed Erolcha
  7137 | D:9      | Killed from afar by Erolcha

Vault maps used:
D:1:      dpeg_arrival_rooms_b
D:2:      grunt_temple_overflow_open
D:4:      first_bread
D:5:      nicolae_ossuary_entry_ruins, minmay_misc_feat_tiny, tso_metal_star,
          uniq_duvessa
D:6:      minmay_temple_entry_poolview, evilmike_ruin_ashenzari
D:7:      nicolae_ru_path_of_blood, uniq_crazy_yiuf_cottage
D:8:      david_lair_shrubbed
D:9:      okawaru_gym_becter, zombieorc2_lemuel, uniq_erolcha
Temple:   nicolae_temple_elliptical
Ossuary:  ossuary_crypta

Skill      XL: |  1  2  3  4  5  6  7  8  9 |
---------------+----------------------------+-----
Maces & Flails | 3 4 5 6 7 9 10 11 | 11.0
Dodging        | 2 4 |  4.5
Armour         | 4 5 |  5.2
Fighting       | 3 4 |  4.1
Shields        | 5 |  5.2

Action                   |  1- 3 |  4- 6 |  7- 9 || total
-------------------------+-------+-------+-------++-------
Melee: Flail             |    84 |   249 |   490 ||   823
       Long sword        |       |       |     9 ||     9
Throw: Throwing net      |       |       |     4 ||     4
Evoke: Wand              |     1 |     4 |    21 ||    26
  Use: Scroll            |       |    18 |     7 ||    25
       Potion            |       |     2 |     2 ||     4
 Stab: Held in net/web   |       |       |     1 ||     1
  Eat: Chunk             |       |     7 |     5 ||    12
       Pizza             |       |     3 |       ||     3
       Fruit             |       |     2 |       ||     2
       Beef jerky        |       |       |     2 ||     2
Armor: Scale mail        |    53 |    87 |       ||   140
       Ring mail         |       |    20 |   168 ||   188
Dodge: Dodged            |    38 |    65 |   149 ||   252
Block: Shield            |    49 |   120 |   209 ||   378
